 Dungeon Crawl Stone Soup version 0.30-a0-878-gc727b3d3d6 (webtiles) character file.

Game seed: 7940989419628813780

5518 112233 the Covert (level 10, -7/72 HPs)
             Began as an Octopode Delver on Mar 12, 2023.
             Was a Priest of Vehumet.
             Mangled by a yak (11 damage)
             ... on level 9 of the Dungeon.
             The game lasted 00:11:33 (9264 turns).

112233 the Covert (Octopode Delver)                 Turns: 9264, Time: 00:11:34

Health: -7/72      AC:  5    Str: 16    XL:     10   Next: 70%
Magic:  20/20      EV: 21    Int: 19    God:    Vehumet [***...]
Gold:   590        SH:  0    Dex: 14    Spells: 19/22 levels left

rFire   . . .      SeeInvis .      - Unarmed
rCold   . . .      Faith    .    (no shield)
rNeg    + . .      Spirit   .    (helmet restricted)
rPois   +          Reflect  .    (no amulet)
rElec   .          Rampage  .    g - ring of Afuwucrai {rPois EV+5 Str+4 Int+3}
rCorr   .                        o - +4 ring of protection
Will    .....                    r - ring of flight
Stlth   ++++++                   u - ring of positive energy
HPRegen 0.00/turn                (no ring)
MPRegen 0.17/turn                (no ring)
                                 (no ring)
                                 (no ring)

@: on berserk cooldown, flying, inhibited regen, slowed, very slow
A: almost no armour, amphibious, 8 rings, camouflage 1, gelatinous body 1,
(nimble swimmer 1), tentacles, inhibited regeneration, noise suppression
a: Renounce Religion


You were on level 9 of the Dungeon.
You worshipped Vehumet.
Vehumet was most pleased with you.
You visited 2 branches of the dungeon, and saw 12 of its levels.

You collected 590 gold pieces.

Inventory:

Magical Staves
 f - a staff of poison
 C - a staff of conjuration
Jewellery
 g - the ring of Afuwucrai (left tentacle) {rPois EV+5 Str+4 Int+3}
   (You found it on level 6 of the Dungeon)

   [ring of evasion]

   EV:        It affects your evasion (+5).
   Str:       It affects your strength (+4).
   Int:       It affects your intelligence (+3).
   rPois:     It protects you from poison.
 o - a +4 ring of protection (right tentacle)
 r - a ring of flight (on tentacle)
 u - a ring of positive energy (on tentacle)
Wands
 e - a wand of digging (8)
 z - a wand of iceblast (2)
 D - a wand of polymorph (8)
 E - a wand of charming (12)
 J - a wand of mindburst (5)
 K - a wand of flame (9)
Scrolls
 a - 4 scrolls of fog
 b - a scroll of magic mapping
 c - a scroll of fear
 h - 3 scrolls of poison
 i - 2 scrolls of blinking
 l - 3 scrolls of enchant weapon
 m - a scroll of acquirement {unknown}
 q - 4 scrolls of brand weapon
 t - 2 scrolls of amnesia {unknown}
 w - a scroll of immolation {unknown}
 y - 2 scrolls of noise
 B - 3 scrolls of enchant armour {unknown}
 F - 4 scrolls of vulnerability {unknown}
 L - a scroll of torment {unknown}
Potions
 d - 2 potions of haste
 n - 2 potions of flight
 p - 2 potions of lignification
 s - 3 potions of curing
 v - 4 potions of brilliance
 x - a potion of invisibility {unknown}
 A - a potion of magic {unknown}
 G - a potion of degeneration {unknown}
 I - 2 potions of attraction {unknown}
Miscellaneous
 H - a condenser vane (inert)


   Skills:
 + Level 7.9 Fighting
 + Level 7.5 Dodging
 - Level 10.8 Stealth
 - Level 5.3 Unarmed Combat
 * Level 6.6 Spellcasting
 + Level 4.5 Conjurations


You had 19 spell levels left.
You knew the following spells:

 Your Spells              Type           Power      Damage    Failure   Level
a - Mephitic Cloud        Conj/Pois/Air  12%        N/A       4%          3

Your spell library contained the following spells:

 Spells                   Type           Power      Damage    Failure   Level
 Searing Ray              Conj           46%        2d6       1%          2
 Kiss of Death            Conj/Necr      56%        2d9       1%          1
 Magic Dart               Conj           92%        1d7       1%          1
 Frozen Ramparts          Ice            12%        1d2       9%          3
 Summon Small Mammal      Summ           24%        N/A       11%         1
 Call Imp                 Summ           6%         N/A       16%         2
 Call Canine Familiar     Summ           6%         N/A       30%         3
 Confusing Touch          Hex            6%         N/A       30%         3
 Summon Guardian Golem    Hex/Summ       6%         N/A       30%         3
 Dispel Undead            Necr           6%         3d8       71%         4
 Ice Form                 Ice/Tmut       6%         N/A       71%         4
 Petrify                  Tmut/Erth      6%         N/A       71%         4
 Summon Ice Beast         Ice/Summ       6%         N/A       71%         4
 Metabolic Englaciation   Hex/Ice        3%         N/A       96%         5
 Statue Form              Tmut/Erth      4%         N/A       100%        6


Dungeon Overview and Level Annotations

Branches:
Dungeon (11/15)            Temple (1/1) D:6
   Lair: D:8-11         Orc: D:9-12

Altars:
Ashenzari
Cheibriados
Dithmenos
Elyvilon
Fedhas
Gozag
Hepliaklqana
Kikubaaqudgha
Nemelex Xobeh
Okawaru
Qazlal
Ru
Sif Muna
Trog
Uskayaw
Vehumet
Wu Jian
Xom
Yredelemnul
Zin
The Shining One

Annotations:
D:5 2 transporters, Mandevil's ghost, amateur BaHu
D:6 exclusion: downstairs
D:10 4 runed translucent doors, exclusion: upstairs, zammaz's ghost, journeyman HOFi


Innate Abilities, Weirdness & Mutations

You cannot wear most types of armour.
You are amphibious.
You can wear up to eight rings at the same time.
Your skin changes colour to match your surroundings (Stealth+).
Your rubbery body absorbs attacks. (AC +1, EV +1)
((You are camouflaged when in or above water. (Stealth+)))
You have tentacles for arms and can constrict up to eight enemies at once.
You do not regenerate when monsters are visible.
You passively dampen the noise of your surroundings.


Message History

You bludgeon the yak! You squeeze the yak!
The yak is almost dead.
The yak gores you!
You tentacle-slap the yak.
The yak is almost dead.
You barely miss the yak.
The yak is almost dead.
You are no longer berserk.
You are exhausted.
You feel yourself slow down. The yak gores you!
You barely miss the yak.
The yak is almost dead.
The yak gores you.
You tentacle-slap the yak.
You kill the yak!
Vehumet accepts your kill. The yak barely misses you.
You bludgeon the yak!
The yak is lightly wounded.
The yak barely misses you.
You barely miss the yak. You squeeze the yak.
The yak is moderately wounded.
The yak gores you!
* * * LOW HITPOINT WARNING * * *
Unknown command.
You tentacle-slap the yak.
The yak is moderately wounded.
The yak completely misses you. The yak misses you.
You tentacle-slap the yak but do no damage.
Your squeeze misses the yak.
The yak is moderately wounded.
The yak gores you!
* * * LOW HITPOINT WARNING * * *
You closely miss the yak.
The yak is moderately wounded.
The yak completely misses you.
You barely miss the yak. You squeeze the yak!
The yak is heavily wounded.
The yak closely misses you. The yak gores you!
You die...

#........#
#........#
#........#
#........#
...Y.....#
.Y.Y.Y...#
#..#####.#
....# . #Y#
....# #@#
..[.# #.#
....# #.#
....# # #.#
....# .# #.#
....#####..#
#.#
.....>.....#
#.#
...........#
#.#
...........#
#.#


You could see a yak.

Vanquished Creatures
  Pikel (D:7)
  A wyvern (D:8)
  A wraith (D:10)
  12 yaks
  3 water moccasins
  An ice beast (D:5)
  A black bear (D:6)
  4 orc warriors
  An ogre (D:5)
  2 centaurs
  3 lemures (D:7)
  6 bullfrogs
  5 scorpions
  A gnoll sergeant (D:9)
  8 wights
  3 killer bees (D:9)
  4 howler monkeys
  2 jellies
  4 hounds
  An orc priest (D:4)
  A gnoll bouda (D:9)
  5 orc wizards
  A sleepcap (D:5)
  A gnoll (D:6)
  7 adders
  A shadow imp (D:6)
  A white imp (D:5)
  2 ufetubi
  3 worms
  A dart slug (D:1)
  20 orcs
  6 endoplasms
  4 giant cockroaches
  9 goblins
  5 hobgoblins
  3 quokkas
  10 ball pythons
  6 bats
  3 frilled lizards
  A jackal zombie (D:10)
  8 kobolds
  3 rats
165 creatures vanquished.

Notes
Turn   | Place    | Note
-------+----------+-------------------------------------------
     0 | D:5      | 112233 the Octopode Delver began the quest for the Orb.
     0 | D:5      | Reached XP level 1. HP: 16/16 MP: 1/1
   108 | D:6      | Reached XP level 2. HP: 12/21 MP: 2/2
   428 | D:6      | Noticed a howler monkey
   462 | D:6      | Identified the ring of Afuwucrai {rPois EV+5 Str+4 Int+3}
   519 | D:6      | Reached skill level 7 in Stealth
   519 | D:6      | Reached XP level 3. HP: 24/26 MP: 3/3
   549 | D:7      | Found a shadowy altar of Dithmenos.
   549 | D:7      | Found a stormy altar of Qazlal.
   550 | D:7      | Found a broken altar of Ashenzari.
   567 | D:7      | Noticed an orc warrior
   631 | D:6      | Found a staircase to the Ecumenical Temple.
   640 | Temple   | Entered the Ecumenical Temple
   675 | Temple   | Became a worshipper of Vehumet
   732 | D:6      | Noticed a bullfrog
   831 | D:7      | Noticed a lemure
   894 | D:6      | Reached XP level 4. HP: 31/31 MP: 4/4
   904 | D:6      | Noticed a black bear
   910 | D:6      | Gained mutation: You do not regenerate when monsters are
                  | visible. [potion of mutation]
   910 | D:6      | Gained mutation: You passively dampen the noise of your
                  | surroundings. [potion of mutation]
   950 | D:5      | Noticed a torpor snail
   952 | D:5      | Found a snail-covered altar of Cheibriados.
   952 | D:5      | Noticed a torpor snail
   954 | D:5      | Noticed a torpor snail
   956 | D:4      | Noticed a scorpion
  2309 | D:2      | Reached * piety under Vehumet
  2309 | D:2      | Offered knowledge of Freeze by Vehumet.
  2312 | D:2      | Reached XP level 5. HP: 34/37 MP: 5/5
  3390 | D:4      | Reached XP level 6. HP: 35/43 MP: 6/6
  3845 | D:5      | Found a transporter.
  3845 | D:5      | Noticed Mandevil's ghost (amateur BaHu)
  4146 | D:4      | Found an ancient bone altar of Kikubaaqudgha.
  4205 | D:5      | Reached XP level 7. HP: 49/49 MP: 7/7
  4235 | D:5      | Offered knowledge of Momentum Strike by Vehumet.
  4236 | D:5      | Reached skill level 8 in Stealth
  4241 | D:5      | Found a transporter.
  4410 | D:5      | Reached skill level 5 in Fighting
  4535 | D:5      | Identified the +7 short sword of Yhaufiun {heavy, rElec rF+
                  | rC+}
  4674 | D:5      | Found an opulent altar of Gozag.
  4861 | D:5      | Found a shimmering blue altar of Sif Muna.
  5388 | D:6      | Reached XP level 8. HP: 56/56 MP: 8/8
  5402 | D:6      | Reached ** piety under Vehumet
  5403 | D:6      | Reached skill level 5 in Dodging
  5403 | D:6      | Reached skill level 5 in Unarmed Combat
  5425 | D:6      | Reached skill level 9 in Stealth
  5800 | D:7      | Reached skill level 1 in Spellcasting
  5958 | D:7      | Found a sacrificial altar of Ru.
  6127 | D:7      | Learned a level 3 spell: Mephitic Cloud
  6184 | D:7      | Reached XP level 9. HP: 36/62 MP: 12/12
  6194 | D:7      | Reached skill level 1 in Conjurations
  7008 | D:7      | Reached skill level 10 in Stealth
  7207 | D:7      | Found a blossoming altar of Fedhas.
  7249 | D:7      | Noticed Pikel
  7256 | D:7      | Killed Pikel
  7492 | D:9      | Noticed a cyan ugly thing
  7504 | D:10     | Entered Level 10 of the Dungeon
  7506 | D:10     | Found a runed translucent gate.
  7506 | D:10     | Found a runed translucent gate.
  7508 | D:10     | Found a runed translucent gate.
  7508 | D:10     | Noticed a troll
  7509 | D:10     | Noticed zammaz's ghost (journeyman HOFi)
  7509 | D:10     | Noticed a hornet
  7516 | D:10     | Noticed an ogre mage
  7736 | D:10     | Found a runed translucent door.
  7740 | D:10     | Found a basalt altar of Yredelemnul.
  7936 | D:10     | Found an ornate altar of the Wu Jian Council.
  7966 | D:10     | Noticed a komodo dragon
  8044 | D:11     | Noticed a komodo dragon
  8124 | D:9      | Offered knowledge of Searing Ray by Vehumet.
  8238 | D:9      | Reached skill level 5 in Spellcasting
  8238 | D:9      | Reached XP level 10. HP: 71/71 MP: 17/17
  8558 | D:9      | Reached *** piety under Vehumet
  8873 | D:9      | Found an iron altar of Okawaru.
  9264 | D:9      | Mangled by a yak

Illustrated notes

Levels and vault maps discovered:
D:1:      scummos_arrival_simple_crosswalls, layout_loops_ring,
          minmay_pentomino_o4
D:2:      kennysheep_big_flooded_room, layout_basic
D:3:      kb_forest_paths, layout_basic, cheibrodos_sewer_entry_sluice
D:4:      layout_basic, kennysheep_mini, minivault_23
D:5:      layout_gridville, mainiacjoe_overflow_alcove_2, cheibriados_altar_2,
          kennysheep_orc_sif_temple, gammafunk_ghost_arena
D:6:      minmay_octagon_keep, layout_basic, minmay_temple_entry_offerings
D:7:      layout_loops_cross, kennysheep_little_box,
          lemuel_coloured_pillars_altar, grunt_temple_overflow_open,
          chequers_serial_rivers_micro_d, uniq_pikel
D:8:      layout_basic, special_room [special_room_orc]
D:9:      kennysheep_ambush_hall, layout_long_grid, okawaru_gym_becter,
          bloody_makhleb, serial_shops, nicolae_shop_bloodbath_and_beyond
D:10:     layout_basic, mainiacjoe_overflow_alcove_1, dk_yredelemnul_ordeal,
          orc_0_dummy, gammafunk_ghost_split
D:11:     layout_roguey, david_lair_generic, serial_curves, eino_curves_02,
          eino_curves_01
Temple:   nicolae_temple_ecumenical_triangle

Skill      XL: |  1  2  3  4  5  6  7  8  9 10 |
---------------+-------------------------------+-----
Stealth        | 7 8 9 10 | 10.8
Unarmed Combat | 3 4 5 |  5.3
Dodging        | 3 4 5 6 7 |  7.5
Fighting       | 4 5 6 7 |  7.9
Spellcasting   | 2 5 6 |  6.6
Conjurations   | 3 4 |  4.5

Action                     |  1- 3 |  4- 6 |  7- 9 | 10-12 || total
---------------------------+-------+-------+-------+-------++-------
  Melee: Unarmed           |    14 |   148 |   275 |   111 ||   548
         Constrict         |     3 |    42 |    47 |    13 ||   105
         Tentacles         |     2 |    31 |    78 |    44 ||   155
         Punch             |       |     3 |    13 |     9 ||    25
  Evoke: Wand              |       |     3 |       |     2 ||     5
         Condenser vane    |       |       |       |     1 ||     1
    Use: Potion            |       |     1 |     1 |     5 ||     7
         Scroll            |       |       |       |     7 ||     7
   Stab: Sleeping          |     2 |    30 |    10 |       ||    42
         Distracted        |       |     1 |       |       ||     1
         Confused          |       |       |       |     3 ||     3
 Armour: Skin              |     2 |     3 |    42 |     8 ||    55
  Dodge: Dodged            |     9 |    94 |   214 |    85 ||   402

Table legend: (Time is in decaauts)
 A = Elapsed time spent in this place.
 B = Non-inter-level travel time spent in this place.
 C = Inter-level travel time spent in this place.
 D = Time resting spent in this place.
 E = Time spent auto-exploring this place.
 F = Levels seen in this place.
 G = Mean time per level.
                   A        B        C        D        E       F      G
               +--------+--------+--------+--------+--------+-----+--------+
         Total |   9254 |   8652 |    602 |   1783 |   5243 |  12 |  771.2 |
       Dungeon |   9209 |   8624 |    585 |   1783 |   5225 |  11 |  837.2 |
        Temple |     44 |     27 |     17 |      0 |     18 |   1 |   44.0 |
               +--------+--------+--------+--------+--------+-----+--------+

Top non-repeatable levels by time:
     D:6: 1564 daAuts
     D:5: 1276 daAuts
     D:7: 1197 daAuts
     D:9: 1169 daAuts
     D:2: 960 daAuts
     D:1: 645 daAuts
     D:3: 631 daAuts
     D:8: 600 daAuts
    D:10: 564 daAuts
     D:4: 533 daAuts
    D:11: 65 daAuts
  Temple: 44 daAuts
